 Dungeon Crawl Stone Soup version 0.19.4-9-g45fd643 (console) character file.

159 lanroth the Chopper (level 5, 0/39 HPs)
             Began as a Human Gladiator on Feb 17, 2017.
             Killed from afar by an orc wizard (2 damage)
             ... with a magic dart
             ... on level 4 of the Dungeon.
             The game lasted 00:17:19 (2150 turns).

lanroth the Chopper (Human Gladiator)               Turns: 2150, Time: 00:17:20

Health: 0/39       AC:  3    Str: 15    XL:     5   Next: 68%
Magic:  5/5        EV: 14    Int:  8    God:
Gold:   103        SH:  0    Dex: 15    Spells: 0 memorised, 4 levels left

rFire  . . .     SeeInvis .     e - +2 hand axe (elec)
rCold  . . .     Gourm    .     q - +1 robe (curse)
rNeg   . . .     Faith    .     (no shield)
rPois  .         Spirit   .     (helmet restricted)
rElec  .         Reflect  .     (no cloak)
rCorr  .         Harm     .     (no gloves)
MR     .....                    (no boots)
Stlth  ++........               (no amulet)
                                (no ring)
                                (no ring)

@: no status effects
A: horns 1
a: no special abilities


You were on level 4 of the Dungeon.
You were not hungry.

You visited 1 branch of the dungeon, and saw 4 of its levels.

You collected 103 gold pieces.

Inventory:

Hand Weapons
 a - a +0 war axe
 e - a +2 hand axe of electrocution (weapon)
Missiles
 d - 2 throwing nets
 k - 64 stones (quivered)
 m - 53 arrows
 s - 9 poisoned needles
Armour
 b - a +0 leather armour
 c - a +0 helmet
 h - a +2 robe of cold resistance
 j - a +1 chain mail
 l - a +0 leather armour
 q - a cursed +1 robe (worn)
Jewellery
 x - an uncursed amulet of magic regeneration {unknown}
Wands
 t - a wand of confusion (29/48)
 w - a wand of iceblast (6/15)
Scrolls
 n - a scroll of magic mapping
 p - a scroll of identify
 r - a scroll of amnesia
 v - 2 scrolls of enchant armour
Comestibles
 f - 2 bread rations
 g - a meat ration
 i - 2 chunks of flesh
 o - 3 fruits


   Skills:
 + Level 2.7 Fighting
 + Level 4.7 Axes
 + Level 2.1 Throwing
 + Level 4.0 Dodging
 + Level 0.4 Stealth


You had 4 spell levels left.
You didn't know any spells.

Dungeon Overview and Level Annotations

Branches:
Dungeon (4/15)
 Temple: D:4-7

Altars:
Uskayaw
Xom

Annotations:
D:3 Sigmund


Innate Abilities, Weirdness & Mutations

You have a pair of small horns on your head.


Message History

The gnoll misses you.
You barely miss the gnoll.
The gnoll is lightly wounded.
You hit the orc.
There is a sudden explosion of sparks!
You kill the orc!
The gnoll closely misses you.
You see here a flail.
An orc comes into view.
You feel sick.
You are no longer poisoned.
The orc shouts!
You hear a shout! x2
The orc misses you.
An orc wizard comes into view. It is wielding an enchanted dagger.
You hit the orc.
There is a sudden explosion of sparks!
You kill the orc!
The gnoll hits you from afar with a halberd.
* * * LOW HITPOINT WARNING * * *
The orc wizard casts a spell at you. The magic dart hits you!
You die...

####### . #..@o.# ###.
#g###.# ... # #†#
#########.##.#. #(#
............. #.#
#####..........
######.#####.....<..(....#
........)..##.###.###.###.#
.######.##?..............
#(###............... #.#
#.###.#####.###.. #.. #.#
#.# # # ### #.# #.# #.# #.#
..) #.# .#. .!.


You could see an orc wizard and a gnoll.

Vanquished Creatures
  A worker ant (D:4)
  2 gnolls (D:4)
  3 adders
  2 worms (D:2)
  3 leopard geckos (D:2)
  3 orcs
  7 bats
  5 giant cockroaches
  9 goblins
  8 hobgoblins
  8 jackals
  7 frilled lizards
  9 kobolds
  8 rats
75 creatures vanquished.

Notes
Turn   | Place    | Note
-------+----------+-------------------------------------------
     0 | D:1      | lanroth the Human Gladiator began the quest for the Orb.
     0 | D:1      | Reached XP level 1. HP: 16/16 MP: 1/1
     3 | D:1      | Noticed a naga
     3 | D:1      | Noticed a draconian
     5 | D:1      | Noticed a spriggan
     5 | D:1      | Noticed a troll
     7 | D:1      | Noticed a vampire
     9 | D:1      | Noticed an octopode
     9 | D:1      | Noticed a halfling
    11 | D:1      | Noticed a demigod
    11 | D:1      | Noticed a tengu
    13 | D:1      | Noticed a dwarf
    13 | D:1      | Noticed a minotaur
    15 | D:1      | Noticed a human
    15 | D:1      | Noticed a gargoyle
    17 | D:1      | Noticed a ghoul
    19 | D:1      | Noticed an ogre
    19 | D:1      | Noticed an elf
    21 | D:1      | Noticed a vine stalker
    21 | D:1      | Noticed a demonspawn
    23 | D:1      | Noticed a felid
    25 | D:1      | Noticed a merfolk
    25 | D:1      | Noticed a centaur
    27 | D:1      | Noticed a formicid
   151 | D:1      | Reached XP level 2. HP: 20/22 MP: 2/2
   591 | D:1      | Reached XP level 3. HP: 27/27 MP: 3/3
   998 | D:2      | Noticed Sigmund
  1084 | D:2      | Reached XP level 4. HP: 31/33 MP: 4/4
  1114 | D:2      | Gained mutation: You have a pair of small horns on your head. [potion of beneficial mutation]
  1788 | D:2      | Found a shimmering altar of Xom.
  1994 | D:3      | Found a hide-covered altar of Uskayaw.
  2048 | D:3      | Reached XP level 5. HP: 30/39 MP: 5/5
  2150 | D:4      | Killed from afar by an orc wizard

Skill      XL: |  1  2  3  4  5 |
---------------+----------------+-----
Axes           | 4 |  4.7
Dodging        | 4 |  4.0
Fighting       | |  2.7
Throwing       | |  2.1
Stealth        | |  0.4

Action                   |  1- 3 |  4- 6 || total
-------------------------+-------+-------++-------
Melee: War axe           |   115 |    58 ||   173
       Hand axe          |       |    41 ||    41
       Headbutt          |       |     8 ||     8
Throw: Stone             |       |    15 ||    15
       Throwing net      |       |     2 ||     2
  Use: Scroll            |     2 |     5 ||     7
       Potion            |     1 |     4 ||     5
 Stab: Distracted        |       |     1 ||     1
       Sleeping          |       |     1 ||     1
  Eat: Chunk             |     1 |     3 ||     4
Armor: Leather armour    |     9 |       ||     9
       Robe              |    35 |    14 ||    49
Dodge: Dodged            |   104 |    81 ||   185
